 Dungeon Sprint DCSS version 0.16.1-30-g34a7ffa (webtiles) character file.

9 hexophile the Sneak (level 2, -3/28 HPs)
             Began as a Naga Assassin on June 30, 2015.
             Was an Initiate of Cheibriados.
             Slain by a crimson imp (4 damage)
             ... in the Dungeon (Sprint IX: "|||||||||||||||||||||||||||||").
             The game lasted 00:01:45 (353 turns).

hexophile the Sneak (Naga Assassin)                  Turns: 353, Time: 00:01:45

Health: -3/28      AC:  2    Str: 14    XL:     2   Next: 16%
Magic:  2/2        EV: 10    Int: 12    God:    Cheibriados [......]
Gold:   0          SH:  0    Dex: 13    Spells: 0 memorised, 1 level left

rFire  . . .     SeeInvis +     a - +2 dagger
rCold  . . .     Clarity  .     c - +0 robe
rNeg   . . .     SustAb   .     (no shield)
rPois  +         Gourm    .     (no helmet)
rElec  .         Spirit   .     d - +0 cloak
rCorr  .         Warding  .     (no gloves)
rMut   .         NoTele   +     (no barding)
MR     .....                    (no amulet)
Stlth  ++++......               (no ring)
                                (no ring)

@: very slow, not resistant to hostile enchantments, stealthy
A: spit poison, see invisible, deformed body, poison resistance, slowness 2
a: Spit Poison, Bend Time, Renounce Religion


You were in the Dungeon.
You worshipped Cheibriados.
Cheibriados was noncommittal.
You were not hungry.

You visited 1 branch

Inventory:

Hand weapons
 a - a +2 dagger (weapon)
 b - a +0 blowgun
Missiles
 e - 8 poisoned needles
 f - 2 curare-tipped needles
Armour
 c - a +0 robe (worn)
 d - a +0 cloak (worn)
Magical devices
 q - a wand of draining (6)
Scrolls
 n - 3 scrolls of remove curse
 o - 2 scrolls of amnesia
 p - a scroll of blinking
Potions
 h - 4 potions of curing
 i - a potion of heal wounds
 j - a potion of haste
 k - 4 potions of magic
 l - a potion of berserk rage
 m - a potion of invisibility
Comestibles
 g - a bread ration


   Skills:
 * Level 3.2 Fighting
 * Level 3.0 Short Blades
 - Level 1.7 Throwing
 * Level 1.6 Dodging
 + Level 6.2 Stealth


You had one spell level left.
You didn't know any spells.

Dungeon Overview and Level Annotations

Branches:
Dungeon (1/1)

Altars:
Cheibriados
Dithmenos
Elyvilon
Fedhas
Gozag
Kikubaaqudgha
Makhleb
Nemelex Xobeh
Okawaru
Qazlal
Ru
Sif Muna
Trog
Vehumet
Xom
Yredelemnul
Zin
The Shining One
Beogh
Jiyva
Lugonu


Innate Abilities, Weirdness & Mutations

You cannot wear boots.
You can spit poison.
You have supernaturally acute eyesight.
Armour fits poorly on your strangely shaped body.
Your system is resistant to poisons.
You cover ground very slowly.


Message History

You completely miss the crimson imp.
The crimson imp is lightly wounded.
The crimson imp barely misses you.
You hit the crimson imp.
The crimson imp is moderately wounded.
The crimson imp hits you.
* * * LOW HITPOINT WARNING * * *
You barely miss the crimson imp.
The crimson imp is moderately wounded.
The crimson imp hits you.
* * * LOW HITPOINT WARNING * * *
You hit the crimson imp.
The crimson imp is moderately wounded.
The crimson imp hits you but does no damage.
You hit the crimson imp.
The crimson imp is heavily wounded.
You hit the crimson imp but do no damage.
The crimson imp is heavily wounded.
The crimson imp hits you.
You die... ▓▓▓▓▓▓▓▓▓▓▓▓▓▓▓▓▓▓▓▓▓▓▓▓ +==[[[)@5.'_____________ ▓▓▓▓▓▓▓▓▓▓▓▓▓▓▓▓▓▓▓▓▓▓▓▓

You could see a crimson imp.

Vanquished Creatures
  An orc (D)
  2 hobgoblins (D)
  2 bats (D)
  A giant newt (D)
  A goblin (D)
  2 kobolds (D)
9 creatures vanquished.

Notes
Turn   | Place    | Note
--------------------------------------------------------------
     0 | D        | hexophile, the Naga Assassin, began the quest for the Orb.
     0 | D        | Reached XP level 1. HP: 19/19 MP: 1/1
     6 | D        | Reached skill level 1 in Dodging
    16 | D        | Reached skill level 6 in Stealth
   193 | D        | Noticed a crimson imp
   197 | D        | Reached XP level 2. HP: 17/28 MP: 2/2
   257 | D        | Found a glowing silver altar of Zin.
   257 | D        | Found a glowing golden altar of the Shining One.
   257 | D        | Found an ancient bone altar of Kikubaaqudgha.
   257 | D        | Found a basalt altar of Yredelemnul.
   257 | D        | Found a shimmering altar of Xom.
   257 | D        | Found a radiant altar of Vehumet.
   257 | D        | Found an iron altar of Okawaru.
   258 | D        | Found a burning altar of Makhleb.
   259 | D        | Found a deep blue altar of Sif Muna.
   261 | D        | Found a bloodstained altar of Trog.
   262 | D        | Found a sparkling altar of Nemelex Xobeh.
   263 | D        | Found a white marble altar of Elyvilon.
   264 | D        | Found a roughly hewn altar of Beogh.
   265 | D        | Found a viscous altar of Jiyva.
   266 | D        | Found a corrupted altar of Lugonu.
   267 | D        | Found a blossoming altar of Fedhas.
   268 | D        | Found a snail-covered altar of Cheibriados.
   269 | D        | Found a shadowy altar of Dithmenos.
   270 | D        | Found a stormy altar of Qazlal.
   271 | D        | Found an opulent altar of Gozag.
   272 | D        | Found a sacrificial altar of Ru.
   277 | D        | Became a worshipper of Cheibriados the Contemplative
   309 | D        | HP: 1/28 [crimson imp (4)]
   350 | D        | HP: 1/28 [crimson imp (3)]
   353 | D        | Slain by a crimson imp

Action                   || total
-------------------------++-------
Melee: Dagger            ||   102
 Abil: Spit Poison       ||     2
Evoke: Wand              ||     1
  Use: Potion            ||     3
       Scroll            ||     1
 Stab: Sleeping          ||     1
